Map: Kairos Junction LE

Players

dangree - Winner!

  • Race: Zerg Zerg
  • League: Platinum
  • Spawn Location: 11:00

pHARM

  • Race: Zerg Zerg
  • League: Platinum
  • Spawn Location: 5:00

VOD

Have the link to the VOD?

Description

Time

  • Played on: Aug. 5, 2019, 1:20 a.m.
  • Length: 15:55
Show
View Real Time Build Order
Export as new Build Order

dangree Zerg - Winner!

Build Orders: 3 Hatch before Pool 

Get SALT Encoding   

  12  0:03  Drone  
  13  0:08  Drone  
  14  0:17  Overlord  
  14  0:37  Drone x3  
  17  0:53  Hatchery  
  16  0:58  Drone  
  17  1:06  Drone  
  18  1:22  Hatchery  
  18  1:25  Drone  
  18  1:27  Drone  
  19  1:32  Drone  
  20  1:48  Drone, Spawning Pool  
  20  1:50  Extractor  
  20  1:53  Drone  
  20  2:05  Drone  
  20  2:06  Drone  
  23  2:22  Drone  
  23  2:23  Drone  
  24  2:34  Queen x2  
  24  2:35  Queen  
  30  2:40  Zergling x6  
  33  2:45  Spine Crawler  
  33  2:49  Overlord  
  32  2:54  Metabolic Boost  
  32  2:58  Zergling x2  
  33  2:59  Zergling x2  
  34  3:07  Overlord  
  34  3:18  Zergling x2  
  34  3:19  Zergling x8  
  39  3:23  Overlord  
  39  3:26  Zergling x2  
  40  3:30  Zergling x2  
  40  3:32  Zergling x2  
  42  3:35  Zergling x2  
  42  3:37  Zergling x2  
  42  3:40  Zergling x2  
  45  3:43  Zergling x2  
  45  3:45  Zergling x2  
  47  3:56  Zergling x8  
  47  4:01  Zergling x2  
  47  4:02  Zergling x2  
  53  4:10  Extractor  
  53  4:11  Lair  
  51  4:22  Zergling x8  
  52  4:36  Zergling x2  
  52  4:37  Zergling x8  
  56  4:39  Zergling x2  
  56  4:41  Zergling x2  
  51  4:56  Zergling x4  
  51  4:57  Zergling x6  
  50  5:08  Zergling x2  
  50  5:09  Zergling x6  
  50  5:10  Zergling x2  
  49  5:31  Zergling x14  
  53  5:52  Zergling x2  
  53  5:53  Zergling x8  
  40  6:12  Zergling x8  
  40  6:14  Spire  
  43  6:19  Drone  
  43  6:20  Drone x2  
  43  6:23  Drone  
  47  6:30  Drone x2  
  43  6:50  Drone  
  43  6:51  Drone x6  
  48  7:04  Drone x5  
  48  7:05  Drone  
  54  7:08  Drone  
  54  7:09  Drone  
  56  7:15  Infestation Pit  
  56  7:18  Drone x2  
  56  7:19  Drone  
  58  7:23  Extractor  
  58  7:25  Extractor  
  58  7:26  Drone, Extractor  
  58  7:27  Drone  
  58  7:28  Drone, Extractor  
  57  7:37  Drone  
  58  7:38  Overlord x2  
  58  7:59  Drone x3  
  58  8:00  Drone  
  58  8:01  Drone x2  
  58  8:05  Drone  
  65  8:06  Drone x4  
  65  8:10  Mutalisk x2  
  65  8:11  Mutalisk  
  72  8:23  Mutalisk  
  72  8:34  Overlord x3  
  72  8:40  Hatchery  
  69  8:46  Overlord x2  
  69  8:47  Overlord x2  
  69  8:50  Hatchery  
  61  9:08  Mutalisk  
  61  9:09  Mutalisk x5  
  59  9:26  Mutalisk  
  59  9:27  Mutalisk  
  60  9:44  Drone  
  61  9:51  Drone x2  
  63  10:13  Hatchery  
  62  10:16  Drone  
  62  10:17  Drone  
  62  10:18  Drone x2  
  66  10:28  Extractor  
  65  10:29  Extractor  
  64  10:39  Drone  
  64  10:40  Drone x10  
  75  10:50  Drone, Queen  
  75  10:51  Queen, Extractor  
  75  10:52  Extractor  
  78  11:03  Drone  
  80  11:04  Drone x7  
  86  11:14  Drone  
  86  11:15  Drone x3, Queen  
  86  11:16  Queen  
  94  11:24  Queen  
  96  11:29  Drone  
  96  11:30  Drone x4  
  101  11:36  Drone x3  
  101  11:37  Drone  
  101  11:38  Drone  
  106  11:46  Drone x3  
  99  12:01  Hive  
  99  12:05  Zergling x2  
  99  12:06  Zergling x18  
  99  12:08  Infestor x5  
  105  12:09  Infestor  
  117  12:23  Drone x3  
  117  12:27  Zergling x8  
  124  12:33  Zergling x2  
  124  12:34  Zergling x8  
  129  12:38  Drone  
  129  12:39  Evolution Chamber  
  129  12:40  Evolution Chamber  
  129  12:43  Overlord x3  
  119  13:01  Extractor x2  
  119  13:04  Zergling x8  
  119  13:05  Zergling x28  
  133  13:12  Zerg Ground Armor Level 1, Zerg Melee Weapons Level 1  
  133  13:14  Adrenal Glands  
  133  13:21  Queen  
  135  13:27  Drone x2  
  135  13:29  Zergling x2  
  135  13:30  Zergling x16  
  111  14:23  Drone x2  
  111  14:24  Drone x2  
  109  14:25  Drone  
  109  14:29  Drone  
  109  14:30  Drone x5  
  115  14:32  Zergling x16  
  115  14:36  Queen  
  120  14:47  Overseer  
  120  14:48  Mutalisk  
  120  14:49  Mutalisk x6  
  134  14:54  Drone  
  134  14:55  Spire, Zergling x2  
  134  14:56  Zergling x10  
  139  15:14  Mutalisk x9  
  135  15:15  Mutalisk x5  
  163  15:26  Mutalisk  
Show
View Real Time Build Order
Export as new Build Order

pHARM Zerg 

Build Orders: Hatch First 

Get SALT Encoding   

  12  0:01  Drone  
  13  0:12  Overlord  
  13  0:17  Drone  
  14  0:30  Drone  
  14  0:32  Drone  
  16  0:40  Drone  
  17  0:54  Hatchery  
  16  0:58  Drone  
  16  0:59  Drone  
  18  1:17  Spawning Pool  
  18  1:18  Drone  
  18  1:19  Drone  
  19  1:32  Drone  
  20  1:40  Extractor  
  20  1:43  Drone  
  20  1:50  Overlord  
  20  2:06  Queen x2  
  24  2:12  Drone x3  
  27  2:28  Drone x3  
  30  2:40  Drone x2  
  30  2:43  Queen  
  34  2:46  Lair  
  34  2:50  Overlord  
  34  2:51  Overlord  
  34  3:15  Evolution Chamber  
  34  3:19  Roach Warren  
  32  3:20  Drone x9  
  32  3:21  Evolution Chamber  
  40  3:27  Drone  
  40  3:28  Drone  
  42  3:35  Extractor  
  42  3:36  Extractor  
  42  3:39  Overlord x2  
  40  4:01  Glial Reconstitution  
  40  4:05  Overlord  
  40  4:07  Drone x4  
  40  4:08  Drone x4  
  48  4:12  Roach  
  50  4:19  Roach x2  
  54  4:26  Evolution Chamber  
  51  4:31  Roach  
  51  4:32  Roach x3  
  63  4:38  Roach x2  
  63  4:49  Roach x2  
  57  5:00  Roach x2  
  53  5:07  Roach  
  53  5:14  Roach  
  43  5:21  Roach x2  
  39  5:31  Roach x4  
  42  5:38  Roach  
  37  5:45  Roach x2  
  41  6:19  Drone x6, Roach Warren, Queen x2  
  50  6:27  Roach Warren  
  50  6:31  Evolution Chamber  
  48  6:36  Drone x2  
  42  6:53  Drone x4  
  34  7:09  Zerg Missile Weapons Level 1  
  34  7:16  Roach  
  34  7:17  Roach x3  
  42  7:33  Roach x3  
  42  7:34  Roach x2  
  42  7:36  Hatchery  
  51  7:55  Roach x2  
  51  7:56  Roach x4  
  63  8:04  Roach x2  
  67  8:05  Overlord  
  67  8:06  Overlord  
  67  8:29  Drone x5  
  72  8:54  Spore Crawler  
  67  8:57  Spore Crawler  
  67  9:01  Hydralisk Den  
  57  9:15  Drone x6  
  61  9:25  Drone  
  61  9:30  Zerg Missile Weapons Level 2  
  56  9:36  Spore Crawler  
  41  9:53  Hydralisk x6  
  53  10:02  Muscular Augments  
  53  10:06  Extractor  
  52  10:14  Hydralisk  
  52  10:15  Hydralisk  
  56  10:24  Hatchery  
  55  10:31  Hydralisk  
  55  10:32  Hydralisk  
  55  10:34  Overlord x2  
  59  11:03  Hydralisk  
  59  11:04  Hydralisk x3  
  67  11:16  Hatchery  
  58  11:55  Hydralisk x4  
  58  11:56  Hydralisk x4  
  74  12:12  Zerg Ground Armor Level 1  
  74  12:39  Drone x4  
  74  12:40  Drone x10  
  76  13:00  Hydralisk  
  76  13:01  Hydralisk x7  
  84  13:10  Spore Crawler  
  83  13:13  Drone, Spine Crawler  
  83  13:14  Drone x4, Spore Crawler  
  83  13:18  Spine Crawler x2  
  84  13:23  Overlord x3  
  84  13:42  Overlord  
  84  13:43  Hydralisk, Extractor x2  
  84  13:44  Hydralisk x3  
  84  13:45  Queen  
  70  14:07  Hydralisk x7  
  75  14:15  Hydralisk  
  55  14:25  Zergling x8  
  55  14:26  Zergling x12  
  63  14:59  Hydralisk x5  
  65  15:01  Overlord x3  
  73  15:26  Spine Crawler  
  60  15:53  Spore Crawler  
Tags
 
Add a new tag
Caveats
  • Supply blocks, unpowered buildings, or Contaminate may cause inaccurate times.
  • Supply counts are checked every 10 seconds.